 Dungeon Crawl Stone Soup version 0.30-a0-576-g89cddaab80 (webtiles) character file.

Game seed: 9095857615943443217

207 arthad the Digger (level 5, 0/28 HPs)
             Began as a Gargoyle Earth Elementalist on Dec 31, 2022.
             Was a Follower of Vehumet.
             Slain by a gnoll
             ... wielding a +0 halberd
              (6 damage)
             ... on level 4 of the Dungeon.
             The game lasted 00:08:27 (3331 turns).

arthad the Digger (Gargoyle Earth Elementalist)     Turns: 3331, Time: 00:08:27

Health: 0/28       AC:  7    Str: 12    XL:     5   Next: 85%
Magic:  1/9        EV: 12    Int: 17    God:    Vehumet [*.....]
Gold:   156        SH:  0    Dex: 10    Spells: 2/10 levels left

rFire   + . .      SeeInvis .    k - staff of conjuration
rCold   . . .      Faith    .    (no shield)
rNeg    + . .      Spirit   .    a - +0 robe
rPois   ∞          Reflect  .    (no helmet)
rElec   +          Harm     .    (no cloak)
rCorr   .          Rampage  .    j - +0 pair of gloves
Will    .....                    (no boots)
Stlth   ++                       l - amulet of regeneration
HPRegen 1.04/turn                p - ring of protection from fire
MPRegen 0.11/turn                (no ring)

@: very slightly contaminated
A: sickness immunity, AC +4, negative energy resistance 1, electricity
resistance, torment resistance 1, petrification resistance
a: Renounce Religion


You were on level 4 of the Dungeon.
You worshipped Vehumet.
Vehumet was aware of your devotion.
You visited 1 branch of the dungeon, and saw 4 of its levels.

You collected 156 gold pieces.

Inventory:

Hand Weapons
 h - a +1 dagger of electrocution
Missiles
 d - 7 poisoned darts
Armour
 a - a +0 robe (worn)
 j - a +0 pair of gloves (worn)
Magical Staves
 k - a staff of conjuration (weapon)
Jewellery
 f - an amulet of faith
 l - an amulet of regeneration (around neck)
 m - an amulet of guardian spirit
 p - a ring of protection from fire (left hand)
Wands
 x - a wand of paralysis (12)
Scrolls
 c - 7 scrolls of identify {unknown}
 n - 2 scrolls of poison {unknown}
 q - a scroll of fog {unknown}
 r - a scroll of brand weapon {unknown}
 s - a scroll of vulnerability {unknown}
 t - a scroll of amnesia {unknown}
 u - a scroll of magic mapping {unknown}
 v - a scroll of enchant weapon {unknown}
 w - a scroll of teleportation {unknown}
 y - a scroll of torment {unknown}
Potions
 b - a potion of magic
 e - 4 potions of curing {unknown}
 g - 2 potions of heal wounds {unknown}
 i - a potion of brilliance {unknown}
 o - 2 potions of ambrosia {unknown}
 z - a potion of flight {unknown}


   Skills:
 + Level 2.1 Dodging
 * Level 3.8 Stealth
 * Level 3.1 Spellcasting
 * Level 1.4 Conjurations
 + Level 1.4 Transmutations
 * Level 4.8 Earth Magic


You had 2 spell levels left.
You knew the following spells:

 Your Spells              Type           Power      Damage    Failure   Level
a - Sandblast             Erth           38%        2d10      2%          1
b - Stone Arrow           Conj/Erth      38%        3d9       14%         3
c - Petrify               Tmut/Erth      13%        N/A       43%         4

Your spell library contained the following spells:

 Spells                   Type           Power      Damage    Failure   Level
 Shock                    Conj/Air       28%        1d4       13%         1
 Passwall                 Tmut/Erth      10%        N/A       8%          2
 Ensorcelled Hibernation  Hex/Ice        4%         N/A       26%         2
 Portal Projectile        Hex/Tloc       4%         N/A       45%         3
 Swiftness                Air            2%         N/A       45%         3
 Tukima's Dance           Hex            2%         N/A       45%         3
 Blade Hands              Tmut           3%         N/A       95%         5


Dungeon Overview and Level Annotations

Branches:
Dungeon (4/15)
 Temple: D:4-7

Altars:
Vehumet


Innate Abilities, Weirdness & Mutations

You are immune to sickness and miasma.
Your stone body is resilient. (AC +4)
You are immune to poison.
You resist negative energy. (rN+)
You are resistant to electric shocks. (rElec)
You are resistant to unholy torment.
You are immune to petrification.


Message History

The blast of sand hits the gnoll.
You kill the gnoll!
Vehumet accepts your kill. The gnoll hits you but does no damage.
The blast of sand hits the gnoll.
The gnoll is heavily wounded.
The gnoll hits you from afar with a +0 halberd!
The blast of sand hits the gnoll but does no damage.
The gnoll is heavily wounded.
The gnoll closely misses you. x2
The endoplasm freezes you.
You are frozen.
The blast of sand hits the endoplasm.
The endoplasm is severely wounded.
The endoplasm barely misses you. The gnoll misses you.
You miscast Sandblast.
You are very lightly contaminated with residual magic.
Nothing appears to happen.
The endoplasm hits you but does no damage.
The gnoll hits you from afar with a +0 halberd!
You are too injured to fight recklessly!
You are too injured to fight recklessly!
You are too injured to fight recklessly!
Aiming: Sandblast (safe; 2% risk of failure)
Press: ? - help, Q - select action, (/) - cycle Shift-Dir - straight line, f - gnoll, p - endoplasm
Aim: a gnoll, wielding a +0 halberd (heavily wounded, 84% to hit)
The blast of sand hits the endoplasm.
You kill the endoplasm!
Vehumet accepts your kill.
You feel your power returning. The gnoll barely misses you.
The gnoll hits you from afar with a +0 halberd!
* * * LOW HITPOINT WARNING * * *
Aiming: Sandblast (safe; 2% risk of failure)
Press: ? - help, Q - select action, (/) - cycle Shift-Dir - straight line, f/p - gnoll
Aim: a gnoll, wielding a +0 halberd (heavily wounded, 84% to hit)
The blast of sand hits the gnoll.
The gnoll is almost dead.
The gnoll hits you from afar with a +0 halberd.
You die...

##.....## #..#
##.....### #..#
##......### ##..#
#.........###..#
#.....###........#
......#
####.....##
......# ###....##
....... ##....##
...... #.@...#
.... #...)......
#..g.......
#...)...##.
#........#
#.........#
....#.....#
......##....


You could see a gnoll.

Vanquished Creatures
  An orc priest (D:4)
  Ijyb (D:3)
  2 gnolls (D:4)
  4 adders
  3 worms
  4 dart slugs
  6 orcs
  11 endoplasms
  A giant cockroach (D:1)
  8 goblins
  4 hobgoblins
  3 quokkas
  7 ball pythons
  8 bats
  3 frilled lizards
  3 kobolds
  5 rats
74 creatures vanquished.

Vanquished Creatures (others)
  28 plants (D:2)
28 creatures vanquished.

Grand Total: 102 creatures vanquished

Notes
Turn   | Place    | Note
-------+----------+-------------------------------------------
     0 | D:1      | arthad the Gargoyle Earth Elementalist began the quest for
                  | the Orb.
     0 | D:1      | Reached XP level 1. HP: 10/10 MP: 3/3
   249 | D:1      | Reached XP level 2. HP: 15/15 MP: 1/5
   503 | D:1      | Reached skill level 1 in Transmutations
   503 | D:1      | Reached skill level 4 in Earth Magic
   896 | D:2      | Reached XP level 3. HP: 19/19 MP: 2/6
   900 | D:2      | Learned a level 3 spell: Stone Arrow
   976 | D:2      | Found a radiant altar of Vehumet.
   985 | D:2      | Became a worshipper of Vehumet
  1489 | D:2      | Reached XP level 4. HP: 24/24 MP: 5/7
  2047 | D:3      | Learned a level 4 spell: Petrify
  2092 | D:3      | Reached * piety under Vehumet
  2092 | D:3      | Offered knowledge of Shock by Vehumet.
  2514 | D:3      | Noticed Ijyb
  2519 | D:3      | Killed Ijyb
  2520 | D:3      | Reached XP level 5. HP: 28/28 MP: 1/9
  3049 | D:4      | Reached skill level 1 in Conjurations
  3331 | D:4      | Slain by a gnoll

Illustrated notes

Levels and vault maps discovered:
D:1:      minmay_arrival_cross, layout_basic
D:2:      layout_basic, serial_bayou, serial_bayou_pond_c,
          serial_bayou_lagoon_a, serial_bayou_shore_a, serial_bayou_shore_b,
          serial_bayou_pond_d, serial_bayou_pond_a, basic_altar, st_stairs_12,
          wad_orctagon
D:3:      layout_basic, uniq_ijyb
D:4:      layout_layer_cave, serial_shops, nicolae_shop_advertising_works
          [nicolae_subvault_shop_adworks], chequers_serial_rivers_micro_a

Skill      XL: |  1  2  3  4  5 |
---------------+----------------+-----
Transmutations | 1 |  1.4
Earth Magic    | 4 |  4.8
Stealth        | 3 |  3.8
Dodging        | 2 |  2.1
Spellcasting   | 3 |  3.1
Conjurations   | 1 |  1.4

Action                   |  1- 3 |  4- 6 || total
-------------------------+-------+-------++-------
Melee: Unarmed           |     7 |       ||     7
 Cast: Sandblast         |    50 |    59 ||   109
       Stone Arrow       |       |     2 ||     2
Armor: Robe              |     3 |     5 ||     8
Dodge: Dodged            |     5 |     9 ||    14

Table legend: (Time is in decaauts)
 A = Elapsed time spent in this place.
 B = Non-inter-level travel time spent in this place.
 C = Inter-level travel time spent in this place.
 D = Time resting spent in this place.
 E = Time spent auto-exploring this place.
 F = Levels seen in this place.
 G = Mean time per level.
                   A        B        C        D        E       F      G
               +--------+--------+--------+--------+--------+-----+--------+
         Total |   3419 |   3274 |    145 |      0 |   2818 |   4 |  854.8 |
       Dungeon |   3419 |   3274 |    145 |      0 |   2818 |   4 |  854.8 |
               +--------+--------+--------+--------+--------+-----+--------+

Top non-repeatable levels by time:
     D:3: 1245 daAuts
     D:2: 1159 daAuts
     D:1: 788 daAuts
     D:4: 225 daAuts
